 Dungeon Crawl Stone Soup version 0.31-a0-986-g5e6e4ef867 (webtiles) character file.

Game seed: 16667724127986330758

12797 heikuro the Nimble (level 12, 0/88 HPs)
             Began as a Djinni Venom Mage on Nov 17, 2023.
             Was the Champion of Jiyva.
             Slain by an entropy weaver (shapeshifter) (1 damage)
             ... on level 12 of the Dungeon.
             The game lasted 00:43:31 (10827 turns).

heikuro the Nimble (Djinni Venom Mage)             Turns: 10827, Time: 00:43:32

Health: 0/88       AC:  7    Str:  6    XL:     12   Next: 24%
Gold:   467        EV: 16    Int: 28    God:    Jiyva [******] SH:  0 Dex: 13

rFire   + + +        M - +8 rapier of Aschobou {protect, rF+ rN++ Will++}
rCold   . . .        (no shield)
rNeg    + + .        C - +2 leather armour of Thoughtfulness {rPois Int+2}
rPois   ∞            L - +2 hat
rElec   .            (no cloak)
rCorr   +            (no gloves)
SInv    .            (boots unavailable)
Will    +++++        (no amulet)
Stlth   ++++         f - ring of willpower
HPRegen 2.74/turn    v - ring of protection from cold
MPRegen 0.00/turn

%: infuse magic (-1 HP)
@: slimy, wereblooded, flying
A: sickness immunity, fire resistance 2, cold vulnerability 1, float, innate
caster, HP casting, extra vitality 1, antennae 1, clever 1, strong-willed 1,
regeneration 1, acidic bite, translucent skin 2, evolution 1, jelly absorbing
missiles, sturdy frame 3
a: Renounce Religion, Oozemancy, Slimify


You were on level 12 of the Dungeon.
You worshipped Jiyva.
Jiyva was exalted by your worship.
You visited 2 branches of the dungeon, and saw 13 of its levels.
You also visited: Sewer.

You collected 467 gold pieces.

Inventory:

Hand Weapons
 m - the +9 dagger "Wuran" {flame, *Corrode rPois Dex+3 Stlth+}
   (You found it on level 2 of the Dungeon)

   Dex+3:     It affects your dexterity (+3).
   rPois:     It protects you from poison *Corrode: It may corrode you when you
   take damage.
   Stlth+:    It makes you more stealthy.
 I - a +3 short sword of venom
 M - the +8 rapier of Aschobou (weapon) {protect, rF+ rN++ Will++}
   (You found it on level 12 of the Dungeon)

   rF+:       It protects you from fire.
   rN++:      It greatly protects you from negative energy.
   Will++:    It greatly increases your willpower.
Missiles
 G - a throwing net
Armour
 o - a +2 helmet
 C - the +2 leather armour of Thoughtfulness (worn) {rPois Int+2}
   (You found it on level 6 of the Dungeon)

   Int+2:     It affects your intelligence (+2).
   rPois:     It protects you from poison
 L - a +2 hat (worn)
Magical Staves
 H - a staff of fire
Jewellery
 d - a ring of willpower
 f - a ring of willpower (left hand)
 v - a ring of protection from cold (right hand)
Wands
 n - a wand of light (11)
 z - a wand of polymorph (11)
 B - a wand of charming (13)
 F - a wand of flame (20)
Scrolls
 a - a scroll of butterflies {unknown}
 b - a scroll of noise {unknown}
 c - 3 scrolls of teleportation {unknown}
 e - 4 scrolls of fear {unknown}
 h - 3 scrolls of enchant armour {unknown}
 k - 2 scrolls of enchant weapon {unknown}
 q - a scroll of revelation {unknown}
 u - 4 scrolls of fog {unknown}
 x - 2 scrolls of blinking {unknown}
 y - 3 scrolls of amnesia {unknown}
 J - a scroll of immolation {unknown}
Potions
 g - a potion of brilliance
 i - 2 potions of enlightenment
 j - 4 potions of heal wounds
 l - 2 potions of mutation
 p - 2 potions of lignification
 r - 2 potions of invisibility
 s - 3 potions of might
 t - a potion of haste
 w - a potion of cancellation
 A - 2 potions of curing {unknown}
 D - 2 potions of attraction {unknown}
 E - a potion of degeneration {unknown}
 K - 2 potions of experience {unknown}


   Skills:
 + Level 8.5 Fighting
 + Level 5.5 Short Blades
 + Level 9.7 Dodging
 - Level 5.0 Stealth
 * Level 9.6 Spellcasting
 * Level 9.6 Conjurations
 * Level 9.6 Hexes
   Level 0.0 Charms
 * Level 9.6 Summonings
 * Level 9.6 Necromancy
 * Level 9.6 Translocations
 * Level 9.6 Transmutations
 * Level 9.6 Fire Magic
 * Level 9.6 Ice Magic
 * Level 9.6 Air Magic
 * Level 9.6 Earth Magic
 * Level 9.6 Poison Magic


You knew the following spells:

 Your Spells              Type           Power      Damage    Failure   Level
a - Sting                 Tmut/Pois      100%       1d8       1%          1
b - Poisonous Vapours     Pois/Air       100%       N/A       1%          2
c - Mephitic Cloud        Conj/Pois/Air  61%        N/A       1%          3
d - Olgreb's Toxic Radia  Pois           61%        N/A       1%          4
e - Freeze                Ice            100%       1d10      1%          1
f - Searing Ray           Conj           100%       2d8       1%          2
g - Wereblood             Tmut           61%        N/A       1%          2
h - Animate Dead          Necr           61%        N/A       1%          4
i - Metabolic Englaciati  Hex/Ice        30%        N/A       2%          5
Your spell library was empty.

Dungeon Overview and Level Annotations

Branches:
Dungeon (12/15)            Temple (1/1) D:6            Lair (0/5) D:9
    Orc (0/2) D:11          Sewer (visited)

Altars:
Ashenzari
Cheibriados
Dithmenos
Elyvilon
Fedhas
Gozag
Hepliaklqana
Makhleb
Nemelex Xobeh
Okawaru
Qazlal
Ru
Trog
Uskayaw
Wu Jian
Xom
Yredelemnul
Zin
The Shining One
Lugonu

Shops:
D:2 =   D:4 [   D:5 [   D:9 *   D:12 (


Innate Abilities, Weirdness & Mutations

You are immune to sickness and miasma.
You are immune to poison.
Your flesh is very heat resistant. (rF++)
You are vulnerable to cold. (rC-)
You float through the air rather than walking.
You learn spells naturally, not from books.
Your magical power is your life essence.
You have superior vitality. (+4 MHP)
You have a pair of small antennae on your head.
Your mind is acute. (Int +4, Str/Dex -1)
You are strong-willed. (Will+)
Your natural rate of healing is unusually fast.
You have acidic saliva.
Your translucent skin reduces your foes' accuracy. (Stealth+)
You have hidden genetic potential.
You have a small jelly attached to you that may absorb projectiles.
Your movements are significantly less encumbered by armour. (ER -6)


Message History

The entropy weaver hits you but does no damage.
The entropy weaver hits you. The entropy weaver barely misses you.
The entropy weaver hits you.
Casting: Wereblood (safe; 1% risk of failure)
Confirm with . or Enter, or press ? or * to list all spells.
Your blood is infused with primal strength.
The entropy weaver hits you.
The entropy weaver completely misses you.
The entropy weaver misses you. The entropy weaver barely misses you.
You closely miss the entropy weaver. Your bite misses the entropy weaver.
The entropy weaver is lightly wounded.
The entropy weaver closely misses you. The entropy weaver hits you.
The entropy weaver closely misses you. The entropy weaver barely misses you.
You puncture the entropy weaver!
Your weapon exudes an aura of protection.
The entropy weaver is lightly wounded.
The entropy weaver hits you. The entropy weaver closely misses you.
The entropy weaver hits you!
The entropy weaver hits you but does no damage.
You closely miss the entropy weaver.
The entropy weaver is lightly wounded.
The entropy weaver closely misses you. The entropy weaver hits you! x2
The entropy weaver completely misses you.
The entropy weaver hits you. The entropy weaver hits you!
* * * LOW HITPOINT WARNING * * *
The entropy weaver hits you but does no damage.
The entropy weaver hits you!
* * * LOW HITPOINT WARNING * * *
Unknown command.
The entropy weaver attacks as it pursues you!
The entropy weaver closely misses you.
The entropy weaver hits you but does no damage.
The entropy weaver misses you. The entropy weaver hits you!
* * * LOW HITPOINT WARNING * * *
A thick mucus forms on the +8 rapier of Aschobou {protect, rF+ rN++ Will++}.
The entropy weaver hits you but does no damage.
The entropy weaver hits you!
* * * LOW HITPOINT WARNING * * *
The entropy weaver hits you.
You die...

## #...# ##.####.#
.# #...# #.# .# .#
###..## #.###
.###...## #.#..
.##....# #.#.#
.....#.### #.#.#
.........#####.#.#
..#.##.#....##.#.#
..#....####.#.∩B@#
#...##.......∩∩∩.#
#...##.###....∩..#
#.#.##.##.........#
#...##.##.........#
#.##.........#
#.........# ..#
#.........# #....
#.........#


You could see an entropy weaver.

Vanquished Creatures
  Harold (D:10)
  A boulder beetle (D:11)
  A two-headed ogre (D:12)
  Urug (D:10)
  A manticore (D:11)
  2 unseen horrors
  A komodo dragon (D:11)
  Maggie (D:7)
  3 kobold demonologists
  A troll (D:11)
  A vampire (D:11)
  A shadow (D:11)
  A wraith (D:11)
  5 yaks (D:9)
  3 vampire mosquitoes
  2 steam dragons (D:9)
  Menkaure (D:5)
  A water moccasin (D:9)
  A black bear (D:4)
  The ghost of Cadnt the Changeling, an amateur OgSh (D:3)
  4 orc warriors
  An ice beast (D:5)
  5 centaurs
  A phantom (D:4)
  11 kobold brigands
  2 bullfrogs (D:9)
  2 gnoll sergeants
  6 scorpions
  3 wights (D:10)
  8 killer bees
  3 howler monkeys
  4 orc priests
  3 hounds
  2 jellies (Sewer)
  Jessica (D:3)
  Terence (D:2)
  8 orc wizards
  Robin (D:3)
  7 gnolls
  6 adders
  3 river rats (Sewer)
  A shadow imp (D:6)
  A white imp (D:6)
  2 worms
  2 dart slugs
  38 orcs
  8 ball pythons
  17 endoplasms
  6 giant cockroaches
  15 goblins
  5 hobgoblins
  2 jackals (D:1)
  11 kobolds
  4 quokkas
  9 bats
  5 frilled lizards
  11 rats
249 creatures vanquished.

Vanquished Creatures (collateral kills)
  A skeletal warrior (D:11)
  A kobold demonologist (D:10)
  A gargoyle (D:10)
  A yak (D:9)
  2 vampire mosquitoes (D:10)
  3 acid dragons (D:9)
  2 water moccasins (D:9)
  An orc warrior (D:9)
  A black bear (D:9)
  3 kobold brigands (D:10)
  A killer bee (D:9)
17 creatures vanquished.

Vanquished Creatures (others)
  A cyclops (D:12)
  Psyche (D:10)
  A kobold demonologist (D:10)
  5 slime creatures (D:10)
  A vampire mosquito (D:12)
  A water moccasin (D:7)
  A vampire mosquito zombie (D:10)
  A centaur (D:12)
  A bullfrog (D:9)
  A scorpion (D:9)
  A water moccasin zombie (D:9)
  2 yak zombies (D:9)
  5 killer bees
  2 howler monkeys
  A centaur zombie (D:9)
  A hound (D:6)
  19 jellies
  2 orc priests (D:8)
  An orc wizard (D:10)
  An acid dragon zombie (D:9)
  2 howler monkey zombies (D:9)
  A steam dragon zombie (D:9)
  A white imp (D:6)
  9 orc zombies
  11 orcs
  An endoplasm (D:4)
  3 gnoll zombies (D:10)
  A kobold (D:4)
  5 kobold zombies (D:10)
83 creatures vanquished.

Grand Total: 349 creatures vanquished

Notes
Turn   | Place    | Note
-------+----------+-------------------------------------------
     0 | D:1      | heikuro the Djinni Venom Mage began the quest for the Orb.
     0 | D:1      | heikuro set off with the following spells memorised: Sting,
                  | Poisonous Vapours, Mephitic Cloud, Olgreb's Toxic Radiance.
     0 | D:1      | Reached XP level 1. HP: 15/15 MP: 0/0
   178 | D:1      | Reached XP level 2. HP: 22/22 MP: 0/0
   691 | D:1      | Reached XP level 3. HP: 26/26 MP: 0/0
   691 | D:1      | Learned a level 1 spell: Freeze
   733 | D:1      | Found a faded altar of an unknown god.
  1346 | D:2      | Reached skill level 1 in Fighting
  1381 | D:2      | Noticed Terence
  1389 | D:2      | Killed Terence
  1390 | D:2      | Reached XP level 4. HP: 21/32 MP: 0/0
  1436 | D:2      | Found Opup Jom's Jewellery Boutique.
  1632 | D:2      | Identified the +9 dagger "Wuran" {flame, *Corrode rPois
                  | Dex+3 Stlth+}
  2028 | D:3      | Noticed a scorpion
  2035 | D:3      | Killed a scorpion
  2036 | D:3      | Reached XP level 5. HP: 33/38 MP: 0/0
  2036 | D:3      | Learned a level 2 spell: Searing Ray
  2131 | D:3      | Noticed Robin
  2139 | D:3      | Killed Robin
  2190 | D:3      | Noticed Jessica
  2198 | D:3      | Killed Jessica
  2199 | D:3      | Reached XP level 6. HP: 18/43 MP: 0/0
  2208 | D:3      | Found a blossoming altar of Fedhas.
  2469 | D:3      | Found a glowing drain.
  2475 | Sewer    | Entered a sewer
  2753 | Sewer    | Found a viscous altar of Jiyva.
  2896 | Sewer    | Reached XP level 7. HP: 36/49 MP: 0/0
  2896 | Sewer    | Learned a level 2 spell: Wereblood
  3007 | Sewer    | Became a worshipper of Jiyva Jiqufujo the Shapeless
  3190 | D:3      | Found a runed translucent gate.
  3191 | D:3      | Found a runed translucent gate.
  3192 | D:3      | Found a runed translucent gate.
  3193 | D:3      | Identified the +6 spear of Iptuocli {elec, rElec rPois rN+
                  | Will-}
  3194 | D:3      | Noticed Cadnt's ghost (amateur OgSh)
  3782 | D:4      | Found a broken altar of Ashenzari.
  3884 | D:4      | Reached * piety under Jiyva
  4096 | D:5      | Entered Level 5 of the Dungeon
  4198 | D:4      | Found Bulenuf Momu's Armour Emporium.
  4365 | D:5      | Found a basalt altar of Yredelemnul.
  4408 | D:5      | Noticed Menkaure
  4419 | D:5      | Killed Menkaure
  4420 | D:5      | Reached XP level 8. HP: 52/56 MP: 0/0
  4420 | D:5      | Found Zuqemyo's Armour Emporium.
  4501 | D:5      | Reached skill level 5 in Spellcasting
  4501 | D:5      | Reached skill level 5 in Conjurations
  4501 | D:5      | Reached skill level 5 in Hexes
  4501 | D:5      | Reached skill level 5 in Summonings
  4501 | D:5      | Reached skill level 5 in Necromancy
  4501 | D:5      | Reached skill level 5 in Translocations
  4501 | D:5      | Reached skill level 5 in Transmutations
  4501 | D:5      | Reached skill level 5 in Fire Magic
  4501 | D:5      | Reached skill level 5 in Ice Magic
  4501 | D:5      | Reached skill level 5 in Air Magic
  4501 | D:5      | Reached skill level 5 in Earth Magic
  4501 | D:5      | Reached skill level 5 in Poison Magic
  4551 | D:5      | Reached ** piety under Jiyva
  4716 | D:5      | Reached skill level 5 in Dodging
  4934 | D:5      | Found a hazy altar of Hepliaklqana.
  5105 | D:6      | Identified the +2 leather armour of Thoughtfulness {rPois
                  | Int+2}
  5472 | D:6      | Found a staircase to the Ecumenical Temple.
  5488 | Temple   | Entered the Ecumenical Temple
  5554 | D:7      | Reached *** piety under Jiyva
  5565 | D:7      | Reached XP level 9. HP: 26/63 MP: 0/0
  5565 | D:7      | Learned a level 4 spell: Animate Dead
  5821 | D:7      | Gained mutation: Your flesh is almost immune to the effects
                  | of heat. (rF+++) [Jiyva's grace]
  5821 | D:7      | Gained mutation: You have hidden genetic potential.
                  | [Jiyva's grace]
  5821 | D:7      | Gained mutation: You have great hidden genetic potential.
                  | [Jiyva's grace]
  5821 | D:7      | Gained mutation: You have acidic saliva. [Jiyva's grace]
  6093 | D:7      | Noticed Maggie
  6110 | D:7      | Killed Maggie
  6223 | D:7      | Reached skill level 5 in Fighting
  6434 | D:8      | Reached **** piety under Jiyva
  6512 | D:8      | Reached skill level 5 in Stealth
  6618 | D:8      | You are sucked into a shaft and drop 1 floor!
  6618 | D:9      | Identified the of Demn
  6626 | D:9      | Noticed a kobold demonologist
  6635 | D:9      | Noticed a rust devil
  6644 | D:9      | Killed a kobold demonologist
  6695 | D:9      | Reached XP level 10. HP: 57/72 MP: 0/0
  6703 | D:9      | Reached skill level 1 in Short Blades
  6716 | D:9      | Gained mutation: Your mind is acute. (Int +4, Str/Dex -1)
                  | [hidden potential]
  6826 | D:9      | Reached ***** piety under Jiyva
  6860 | D:9      | Found Wereul's Assorted Antiques.
  6962 | D:9      | Found a bloodstained altar of Trog.
  7240 | D:8      | Lost mutation: Your flesh is almost immune to the effects
                  | of heat. (rF+++) [Jiyva's grace]
  7240 | D:8      | Gained mutation: You have a small jelly attached to you
                  | that may absorb projectiles. [Jiyva's grace]
  7240 | D:8      | Gained mutation: Your flesh is almost immune to the effects
                  | of heat. (rF+++) [Jiyva's grace]
  7240 | D:8      | Gained mutation: Your translucent skin slightly reduces
                  | your foes' accuracy. (Stealth+) [Jiyva's grace]
  7240 | D:8      | Gained mutation: Your translucent skin reduces your foes'
                  | accuracy. (Stealth+) [Jiyva's grace]
  7556 | D:9      | Found a staircase to the Lair.
  7699 | D:9      | Found a stormy altar of Qazlal.
  7965 | D:10     | Entered Level 10 of the Dungeon
  7974 | D:10     | Noticed Urug
  7974 | D:10     | Noticed Psyche
  8045 | D:10     | Killed Psyche
  8110 | D:10     | Reached XP level 11. HP: 79/79 MP: 0/0
  8110 | D:10     | Learned a level 5 spell: Metabolic Englaciation
  8297 | D:10     | Noticed Harold
  8313 | D:10     | Found a corrupted altar of Lugonu.
  8328 | D:10     | Killed Harold
  8550 | D:10     | Gained mutation: Your natural rate of healing is unusually
                  | fast. [hidden potential]
  8550 | D:10     | Lost mutation: You have great hidden genetic potential.
                  | [hidden potential expressed]
  8696 | D:10     | Killed Urug
  8791 | D:10     | Reached ****** piety under Jiyva
  8799 | D:10     | Lost mutation: Your flesh is almost immune to the effects
                  | of heat. (rF+++) [Jiyva's grace]
  8799 | D:10     | Gained mutation: Your movements are slightly less
                  | encumbered by armour. (ER -2) [Jiyva's grace]
  8799 | D:10     | Gained mutation: Your movements are less encumbered by
                  | armour. (ER -4) [Jiyva's grace]
  8799 | D:10     | Gained mutation: Your movements are significantly less
                  | encumbered by armour. (ER -6) [Jiyva's grace]
  8799 | D:10     | Gained mutation: You have a pair of small antennae on your
                  | head. [Jiyva's grace]
  9055 | D:3      | Killed Cadnt's ghost
  9676 | D:11     | Noticed a skeletal warrior
  9676 | D:11     | Noticed a skeletal warrior
  9676 | D:11     | Noticed a skeletal warrior
  9821 | D:11     | Found a staircase to the Orcish Mines.
  9892 | D:11     | Noticed a skeletal warrior
 10096 | D:11     | Noticed a boulder beetle
 10101 | D:11     | Killed a skeletal warrior
 10102 | D:11     | Reached skill level 5 in Short Blades
 10113 | D:11     | Killed a boulder beetle
 10114 | D:11     | Reached XP level 12. HP: 80/87 MP: 0/0
 10758 | D:12     | Noticed a two-headed ogre
 10777 | D:12     | Killed a two-headed ogre
 10785 | D:12     | Gained mutation: You are strong-willed. (Will+) [hidden
                  | potential]
 10807 | D:12     | Found Wudaser's Antique Weapon Emporium.
 10808 | D:12     | Identified the +8 rapier of Aschobou {protect, rF+ rN++
                  | Will++}
 10818 | D:12     | Noticed an entropy weaver
 10827 | D:12     | HP: 1/88 [entropy weaver (shapeshifter) (7)]
 10827 | D:12     | Slain by an entropy weaver (shapeshifter)

Illustrated notes

Levels and vault maps discovered:
D:1:      amcnicky_arrival_blooded_trapdoor, layout_basic, serial_glass,
          glass_columns_a, glass_columns_a, ebering_ecumenical_altar_sacrificial
D:2:      layout_loops_cross, serial_shops, shop, minmay_pentomino_x4,
          uniq_terence
D:3:      layout_basic, fedhas_altar_1, portal_sewer_entry_e,
          biasface_ghost_orc_armoury, uniq_robin, uniq_jessica
D:4:      layout_basic, lemuel_doored_altar, serial_shops, shop, minmay_puff
D:5:      layout_loops_ring, mainiacjoe_overflow_big_doors, serial_shops,
          nicolae_shop_statue_plus, skrybe_limestone_x, uniq_menkaure
D:6:      layout_rooms, minmay_temple_entry_crystal_x, serial_rivers,
          chequers_serial_rivers_room_b, chequers_serial_rivers_micro_c,
          chequers_serial_rivers_large_a, chequers_serial_rivers_micro_b,
          chequers_serial_rivers_small_b, chequers_serial_rivers_micro_d
D:7:      layout_basic, uniq_maggie
D:8:      layout_basic, mainiacjoe_overflow_24_doors, chequers_mini_garden
D:9:      minmay_four_partial_circles, layout_irregular_city,
          nicolae_qazlal_eye_of_the_storm, trog_book,
          due_lair_maze_entry_diamond, serial_shops, nicolae_shop_stone,
          kennysheep_nub
D:10:     kennysheep_kobold_lugonu_temple, layout_grid_maze, special_room
          [special_room_kobold], roderic_serpentine_path, uniq_urug,
          uniq_harold, uniq_psyche
D:11:     layout_loops_ring, david_orc_2, serial_rivers,
          chequers_serial_rivers_micro_b, chequers_serial_rivers_micro_b,
          chequers_serial_rivers_small_a, chequers_serial_rivers_room_a,
          chequers_serial_rivers_room_a, chequers_serial_rivers_small_3
D:12:     layout_rooms, serial_shops, nicolae_shop_dealshenge
Temple:   bh_familiar_temple

Skill      XL: |  1  2  3  4  5  6  7  8  9 10 11 |
---------------+----------------------------------+-----
Spellcasting   | 4 5 6 8 9 |  9.6
Conjurations   | 4 5 6 8 9 |  9.6
Hexes          | 4 5 6 8 9 |  9.6
Summonings     | 4 5 6 8 9 |  9.6
Necromancy     | 4 5 6 8 9 |  9.6
Translocations | 4 5 6 8 9 |  9.6
Transmutations | 4 5 6 8 9 |  9.6
Fire Magic     | 4 5 6 8 9 |  9.6
Ice Magic      | 4 5 6 8 9 |  9.6
Air Magic      | 4 5 6 8 9 |  9.6
Earth Magic    | 4 5 6 8 9 |  9.6
Poison Magic   | 4 5 6 8 9 |  9.6
Fighting       | 1 2 3 4 5 7 8 |  8.5
Stealth        | 2 3 4 5 |  5.0
Dodging        | 3 4 5 6 8 9 |  9.7
Short Blades   | 3 5 |  5.5

Action                     |  1- 3 |  4- 6 |  7- 9 | 10-12 || total
---------------------------+-------+-------+-------+-------++-------
  Melee: Whip              |     7 |     2 |       |       ||     9
         Dagger            |       |    31 |    89 |   198 ||   318
         Bite              |       |       |     7 |    35 ||    42
         Punch             |       |       |     1 |     1 ||     2
         Rapier            |       |       |       |     5 ||     5
   Cast: Sting             |    33 |    71 |    20 |       ||   124
         Poisonous Vapours |    20 |    34 |    52 |    19 ||   125
         Freeze            |     1 |     6 |       |     7 ||    14
         Searing Ray       |       |     3 |    11 |     2 ||    16
         Olgreb's Toxic Ra |       |     3 |    14 |    20 ||    37
         Wereblood         |       |       |     6 |    14 ||    20
         Animate Dead      |       |       |     1 |    10 ||    11
 Invoke: Slimify           |       |       |       |     1 ||     1
    Use: Scroll            |       |       |     5 |     4 ||     9
   Stab: Sleeping          |       |     1 |     1 |     3 ||     5
         Distracted        |       |       |       |     1 ||     1
 Armour: Robe              |    16 |    23 |    33 |       ||    72
         Leather armour    |       |       |    44 |   190 ||   234
  Dodge: Dodged            |    20 |    35 |    78 |   231 ||   364

Table legend: (Time is in decaauts)
 A = Elapsed time spent in this place.
 B = Non-inter-level travel time spent in this place.
 C = Inter-level travel time spent in this place.
 D = Time resting spent in this place.
 E = Time spent auto-exploring this place.
 F = Levels seen in this place.
 G = Mean time per level.
                   A        B        C        D        E       F      G
               +--------+--------+--------+--------+--------+-----+--------+
         Total |  10799 |   9616 |   1183 |    425 |   6529 |  14 |  771.4 |
       Dungeon |  10217 |   9034 |   1183 |    314 |   6280 |  12 |  851.4 |
        Temple |      1 |      1 |      0 |      0 |      0 |   1 |    1.0 |
         Sewer |    579 |    579 |      0 |    111 |    249 |   1 |  579.0 |
               +--------+--------+--------+--------+--------+-----+--------+

Top non-repeatable levels by time:
    D:10: 1479 daAuts
     D:1: 1119 daAuts
     D:3: 1038 daAuts
     D:9: 992 daAuts
     D:2: 906 daAuts
     D:4: 815 daAuts
     D:5: 815 daAuts
     D:8: 801 daAuts
    D:11: 762 daAuts
     D:7: 711 daAuts
     D:6: 597 daAuts
   Sewer: 579 daAuts
    D:12: 177 daAuts
  Temple: 1 daAuts
